 Dungeon Crawl Stone Soup version 0.31.0-11-ge490571c62 (webtiles) character file.

Game seed: 15247810783463445826

2332 hawla the Mimic (level 9, -3/45 HPs)
             Began as a Deep Elf Conjurer on Feb 4, 2024.
             Was an Initiate of Vehumet.
             Slain by a slime creature (14 damage)
             ... on level 7 of the Dungeon.
             The game lasted 00:17:07 (6144 turns).

hawla the Mimic (Deep Elf Conjurer)                 Turns: 6144, Time: 00:17:07

Health: -3/45      AC:  8    Str:  7    XL:     9   Next: 19%
Magic:  14/29      EV: 13    Int: 28    God:    Vehumet [......]
Gold:   94         SH:  0    Dex: 16    Spells: 10/20 levels left

rFire   + . .        c - +6 dagger (speed)
rCold   . . .        (no shield)
rNeg    + . .        a - melded +0 robe
rPois   +            D - +0 helmet
rElec   .            s - +2 cloak
rCorr   .            f - +2 pair of gloves {Str+3}
SInv    .            g - +0 pair of boots
Will    .....        (no amulet)
Stlth   ++           j - ring "Ytafer" {rPois rF+ rN+ MP+9 Dex+3}
HPRegen 0.27/turn    (no ring)
MPRegen 0.21/turn

%: no passive effects
@: about to teleport, maw-form
A: devouring maw
a: Begin Untransformation, Renounce Religion


You were on level 7 of the Dungeon.
You worshipped Vehumet.
Vehumet was noncommittal.
You were a creature with a mouth for a stomach.
You visited 2 branches of the dungeon, and saw 8 of its levels.

You collected 236 gold pieces.
You spent 142 gold pieces at shops.

Inventory:

Hand Weapons
 c - a +6 dagger of speed (weapon)
 q - a +0 long sword
Armour
 a - a +0 robe (melded)
 f - a +2 pair of gloves of strength (worn)
 g - a +0 pair of boots (worn)
 s - a +2 cloak (worn)
 D - a +0 helmet (worn)
Jewellery
 j - the ring "Ytafer" (left hand) {rPois rF+ rN+ MP+9 Dex+3}
   (You found it on level 2 of the Dungeon)

   [ring of magical power]

   Dex+3:     It affects your dexterity (+3).
   rF+:       It protects you from fire.
   rPois:     It protects you from poison rN+: It protects you from negative
   energy.
   MP+9:      It affects your magic capacity (+9).
 A - a +5 ring of evasion
 F - a ring of willpower
Talismans
 u - a maw talisman (active)
Wands
 k - a wand of flame (14)
Scrolls
 d - a scroll of torment
 e - a scroll of silence
 h - 2 scrolls of teleportation
 n - 2 scrolls of poison
 p - a scroll of fog
 v - 2 scrolls of summoning
 x - 2 scrolls of amnesia {unknown}
 y - 2 scrolls of fear {unknown}
 B - a scroll of noise {unknown}
 E - a scroll of identify
Potions
 b - a potion of magic
 i - 3 potions of brilliance
 l - a potion of cancellation {unknown}
 m - a potion of might
 r - a potion of lignification
 t - 2 potions of curing {unknown}
 w - a potion of mutation {unknown}
 z - 2 potions of enlightenment {unknown}
 C - a potion of resistance {unknown}


   Skills:
 - Level 0.3 Fighting
 + Level 2.9 Short Blades
 - Level 2.6 Dodging
 - Level 2.6 Stealth
 - Level 6.0 Spellcasting
 - Level 6.0 Conjurations
 - Level 3.0 Translocations
 - Level 0.5 Evocations
 - Level 10.0 Shapeshifting


You had 10 spell levels left.
You knew the following spells:

 Your Spells              Type           Power      Damage    Failure   Level
a - Magic Dart            Conj           100%       1d8       1%          1
b - Searing Ray           Conj           84%        2d7       1%          2
c - Iskenderun's Mystic   Conj/Tloc      33%        2d8       10%         4
d - Blink                 Tloc           50%        N/A       2%          2
e - Apportation           Tloc           50%        N/A       1%          1

Your spell library contained the following spells:

 Spells                   Type           Power      Damage    Failure   Level
 Momentum Strike          Conj/Tloc      66%        3d9       1%          2
 Lesser Beckoning         Tloc           50%        N/A       2%          2
 Static Discharge         Conj/Air       50%        3-6/arc   2%          2
 Dazzling Flash           Conj/Hex       50%        N/A       5%          3
 Mephitic Cloud           Conj/Alch/Air  19%        N/A       8%          3
 Jinxbite                 Hex            16%        N/A       9%          2
 Sublimation of Blood     Necr           8%         N/A       9%          2
 Fulminant Prism          Conj/Alch      12%        3d8       17%         4
 Irradiate                Conj/Alch      12%        3d15      43%         5
 Airstrike                Air            4%         2d(1-17)  52%         4
 Petrify                  Alch/Erth      8%         N/A       52%         4
 Summon Lightning Spire   Summ/Air       8%         N/A       52%         4
 Alistair's Intoxication  Alch           5%         N/A       86%         5
 Curse of Agony           Necr           8%         N/A       86%         5
 Silence                  Hex/Air        4%         N/A       86%         5
 Chain Lightning          Conj/Air       12%        3d16      100%        9
 Fire Storm               Conj/Fire      12%        8d3       100%        9
 Shatter                  Erth           4%         3d7*      100%        9


Dungeon Overview and Level Annotations

Branches:
Dungeon (7/15)             Temple (1/1) D:4

Altars:
Ashenzari
Cheibriados
Dithmenos
Elyvilon
Fedhas
Gozag
Hepliaklqana
Kikubaaqudgha
Makhleb
Nemelex Xobeh
Qazlal
Ru
Sif Muna
Trog
Uskayaw
Vehumet
Wu Jian
Xom
Yredelemnul
Zin
The Shining One

Shops:
D:2 [   D:3 [   D:4 (   D:5 (   D:6 *


Message History

* * * LOW HITPOINT WARNING * * *
You feel much better. The slime creature barely misses you.
Casting: Searing Ray (safe; 1% risk of failure)
Confirm with . or Enter, or press ? or * to list all spells.
Aiming: Searing Ray (safe; 1% risk of failure)
Press: ? - help, Shift-Dir - straight line, f/p - slime creature
Aim: a slime creature (heavily wounded, 96% to hit)
Okay, then.
Casting: Searing Ray (safe; 1% risk of failure)
Confirm with . or Enter, or press ? or * to list all spells.
You erupt in a blast of force!
The mystic blast hits the slime creature.
The slime creature is heavily wounded.
The slime creature is knocked back by the mystic blast.
The slime creature quivers.
Unknown command.
Casting: Iskenderun's Mystic Blast (quite dangerous; 10% risk of failure)
Confirm with . or Enter, or press ? or * to list all spells.
Aiming: Searing Ray (safe; 1% risk of failure)
Press: ? - help, Shift-Dir - straight line, f/p - slime creature
Aim: a slime creature (heavily wounded, 96% to hit)
The searing ray hits the slime creature.
The slime creature is heavily wounded. (Press . to maintain the ray.)
The searing ray hits the slime creature!
The slime creature is severely wounded.
The searing ray hits the slime creature.
The slime creature is lightly wounded.
The searing ray hits the slime creature.
The slime creature is severely wounded.
The searing ray hits the slime creature!
The slime creature is lightly wounded.
The searing ray hits the slime creature!
The slime creature is lightly wounded.
The slime creature hits you!!
* * * LOW HITPOINT WARNING * * *
Okay, then.
As you read the scroll of teleportation, it crumbles to dust.
You feel strangely unstable. The slime creature hits you!
You die...

#...#..##)....#.#.#
....+.........#.#.#
.. .##........#.#.#
........####.#.#
######.÷# #.#.# ###
#÷)# #.#.# ..#
#..####.#.# #.#
##.........# #.#
#WJJ####.###.#J#
##.J..J.......#.#
#.....###.#####.#
##.....# #....J..#
#...#..# #########
##...#.## #...##..
#...##### ##..##


You could see 4 slime creatures.

Vanquished Creatures
  A troll (D:6)
  A slime creature (D:6)
  A steam dragon (D:7)
  An ice beast (D:6)
  3 ogres
  2 centaurs
  A bullfrog (D:6)
  2 howler monkeys (D:7)
  2 orc priests
  Crazy Yiuf (D:3)
  An iguana (D:7)
  Jessica (D:2)
  Terence (D:2)
  2 orc wizards
  A sleepcap (D:5)
  8 gnolls
  7 adders
  A shadow imp (D:6)
  5 dart slugs
  A ribbon worm (D:4)
  9 orcs
  7 ball pythons
  4 bats
  10 endoplasms
  2 giant cockroaches
  7 hobgoblins
  6 quokkas
  4 frilled lizards
  5 goblins
  4 kobolds
  9 rats
110 creatures vanquished.

Vanquished Creatures (collateral kills)
  A two-headed ogre (D:7)
  A phantom (D:7)
  A hound (D:6)
  An orc wizard (D:6)
  An orc (D:6)
5 creatures vanquished.

Grand Total: 115 creatures vanquished

Notes
Turn   | Place    | Note
-------+----------+-------------------------------------------
     0 | D:1      | hawla the Deep Elf Conjurer began the quest for the Orb.
     0 | D:1      | Reached XP level 1. HP: 10/10 MP: 6/6
   229 | D:1      | Reached XP level 2. HP: 15/15 MP: 2/8
   232 | D:1      | Learned a level 2 spell: Searing Ray
   633 | D:1      | You fall into a shaft and drop 1 floor!
  1020 | D:1      | Found a faded altar of an unknown god.
  1242 | D:2      | Noticed Jessica
  1245 | D:2      | Killed Jessica
  1246 | D:2      | Reached XP level 3. HP: 19/19 MP: 4/11
  1470 | D:2      | Noticed Terence
  1483 | D:2      | Killed Terence
  1484 | D:2      | Reached skill level 5 in Spellcasting
  1484 | D:2      | Reached XP level 4. HP: 12/24 MP: 2/13
  1589 | D:2      | Identified the ring "Ytafer" {rPois rF+ rN+ MP+9 Dex+3}
  1773 | D:2      | Reached skill level 1 in Translocations
  2001 | D:2      | Found Riwal's Armour Boutique.
  2037 | D:2      | Reached XP level 5. HP: 28/28 MP: 15/15
  2510 | D:3      | Found a runed translucent door.
  2511 | D:3      | Noticed Crazy Yiuf
  2517 | D:3      | Killed Crazy Yiuf
  2597 | D:3      | Found Girchell's Antique Armour Shop.
  2780 | D:4      | Reached skill level 5 in Conjurations
  2885 | D:4      | Found a staircase to the Ecumenical Temple.
  2891 | Temple   | Entered the Ecumenical Temple
  3139 | D:4      | Reached XP level 6. HP: 32/32 MP: 17/17
  3215 | D:4      | Found Diroapp's Weapon Emporium.
  3619 | D:3      | Bought a pair of embroidered gloves for 142 gold pieces
  3657 | D:5      | Entered Level 5 of the Dungeon
  3657 | D:5      | Found Quwi's Weapon Boutique.
  3690 | D:5      | Reached skill level 1 in Shapeshifting
  3813 | D:5      | Reached skill level 2 in Shapeshifting
  3820 | D:5      | Identified the +3 leather armour of Cocytus {Str-3 Int+4
                  | Stlth+}
  3959 | D:5      | Reached skill level 3 in Shapeshifting
  4060 | D:5      | Reached XP level 7. HP: 36/36 MP: 18/18
  4266 | D:5      | Reached skill level 4 in Shapeshifting
  4505 | D:5      | Found a radiant altar of Vehumet.
  4505 | D:5      | Found a glowing golden altar of the Shining One.
  4506 | D:5      | Found a shimmering altar of Xom.
  4513 | D:5      | Became a worshipper of Vehumet
  4578 | D:6      | Noticed a troll
  4596 | D:6      | Killed a troll
  4597 | D:6      | Reached skill level 5 in Shapeshifting
  4602 | D:6      | Learned a level 4 spell: Iskenderun's Mystic Blast
  4618 | D:6      | Reached skill level 6 in Shapeshifting
  4838 | D:6      | Reached XP level 8. HP: 41/41 MP: 17/19
  4871 | D:6      | Reached skill level 7 in Shapeshifting
  5083 | D:6      | Found a white marble altar of Elyvilon.
  5244 | D:6      | Found a broken altar of Ashenzari.
  5386 | D:6      | Found a basalt altar of Yredelemnul.
  5519 | D:6      | Found a snail-covered altar of Cheibriados.
  5554 | D:6      | Found Zin's Purification Station.
  5556 | D:6      | Found a glowing silver altar of Zin.
  5603 | D:7      | Learned a level 2 spell: Blink
  5605 | D:7      | Learned a level 1 spell: Apportation
  5753 | D:7      | Reached skill level 8 in Shapeshifting
  5767 | D:7      | Noticed a two-headed ogre
  5774 | D:7      | Killed a two-headed ogre
  5775 | D:7      | Reached skill level 10 in Shapeshifting
  5775 | D:7      | Reached skill level 1 in Short Blades
  5775 | D:7      | Reached XP level 9. HP: 36/45 MP: 1/20
  6144 | D:7      | Slain by a slime creature

Illustrated notes

Levels and vault maps discovered:
D:1:      minmay_arrival_loop, layout_loops_ring,
          shapermc_ecumenical_altar_mp_vishouse
D:2:      cheibrodos_old_hovel, layout_loops_ring, serial_shops, shop,
          uniq_jessica, uniq_terence
D:3:      layout_rooms, serial_shops, shop, uniq_crazy_yiuf_cottage
D:4:      layout_loops_ring, minmay_temple_entry_hall, serial_shops,
          nicolae_shop_bloodbath_and_beyond
D:5:      layout_rooms, gammafunk_temple_overflow_claw, serial_shops, shop,
          corexii_shack
D:6:      layout_basic, kennysheep_ying_yang, cheibriados_altar_1, zin_purify,
          evilmike_ruin_ashenzari
D:7:      minmay_the_grid_triangle_9x9_recursive_2
          [minmay_the_grid_triangle_9x9_prize_insulated,
          minmay_the_grid_triangle_9x9_zippers_vertical,
          minmay_the_grid_triangle_9x9_semitri,
          minmay_the_grid_triangle_9x9_empty], layout_basic
Temple:   oiseaux_autumnal_temple

Skill      XL: |  1  2  3  4  5  6  7  8  9 |
---------------+----------------------------+-----
Spellcasting   | 4 5 6 |  6.0
Translocations | 1 3 |  3.0
Conjurations   | 5 6 |  6.0
Shapeshifting  | 3 6 10 | 10.0
Short Blades   | 1 2 |  2.9
Fighting       | |  0.3
Dodging        | |  2.6
Stealth        | |  2.6
Evocations     | |  0.5

Action                     |  1- 3 |  4- 6 |  7- 9 || total
---------------------------+-------+-------+-------++-------
  Melee: Unarmed           |     1 |       |       ||     1
         Dagger            |     7 |    39 |    27 ||    73
         Punch             |       |     2 |       ||     2
         Maw               |       |       |     6 ||     6
   Cast: Magic Dart        |    18 |     3 |     7 ||    28
         Searing Ray       |    15 |    30 |    27 ||    72
         Iskenderun's Myst |       |       |     3 ||     3
    Use: Scroll            |     2 |     3 |    10 ||    15
         Potion            |       |       |     2 ||     2
   Stab: Sleeping          |     1 |     6 |     1 ||     8
 Armour: Robe              |     9 |    27 |    15 ||    51
         Skin              |       |       |    28 ||    28
  Dodge: Dodged            |    14 |    27 |    33 ||    74
   Form: Maw               |       |     1 |     2 ||     3
                           |       |     1 |     1 ||     2
